 Dungeon Crawl Stone Soup version 0.24.0-1-gfbc8707122 (webtiles) character file.

Game seed: 14355203024463058338, levelgen mode: deterministic

137 Aviak the Chopper (level 5, -3/47 HPs)
             Began as a Hill Orc Monk on Oct 26, 2019.
             Was an Initiate of Uskayaw.
             Slain by a crocodile (8 damage)
             ... in a sewer.
             The game lasted 00:04:40 (2924 turns).

Aviak the Chopper (Hill Orc Monk)                   Turns: 2924, Time: 00:04:41

Health: -3/47      AC:  6    Str: 12 (14) XL:     5   Next: 20%
Magic:  6/6        EV: 17    Int: 10 (11) God:    Uskayaw [......]
Gold:   65         SH:  0    Dex: 16 (18) Spells: 4/4 levels left

rFire    . . .     SeeInvis .   a - +0 hand axe
rCold    . . .     Gourm    .   (no shield)
rNeg     . . .     Faith    .   i - +0 ring mail
rPois    .         Spirit   .   g - +0 helmet (curse)
rElec    .         Reflect  .   (no cloak)
rCorr    .         Harm     .   (no gloves)
MR       .....                  (no boots)
Stlth    ++........             (no amulet)
HPRegen  0.15/turn              (no ring)
MPRegen  0.10/turn              (no ring)

@: agile
A: no striking features
a: Renounce Religion


You were in a sewer.
You worshipped Uskayaw.
Uskayaw was noncommittal.
You were hungry.

You visited 1 branch of the dungeon, and saw 3 of its levels.
You also visited: Sewer.

You collected 65 gold pieces.

Inventory:

Hand Weapons
 a - a +0 hand axe (weapon)
Armour
 b - a +0 robe
 g - a cursed +0 helmet (worn)
 i - a +0 ring mail (worn)
Scrolls
 d - 2 scrolls of teleportation {unknown}
 e - a scroll of remove curse {unknown}
 f - 2 scrolls of enchant weapon {unknown}
 j - 2 scrolls of identify {unknown}
Comestibles
 c - 2 rations


   Skills:
 + Level 4.5 Fighting
 + Level 5.1 Axes
 + Level 1.4 Armour
 - Level 3.0 Dodging
 - Level 2.0 Stealth
 + Level 1.9 Invocations


You had 4 spell levels left.
You didn't know any spells.
Your spell library was empty.

Dungeon Overview and Level Annotations

Branches:
Dungeon (3/15)              Sewer (1/1)

Altars:
Uskayaw
Xom
The Shining One


Message History

You feel weakened.
You feel dopey.
You feel clumsy. The crocodile bites you.
* * * LOW HITPOINT WARNING * * *
It was a potion of agility.
You feel agile all of a sudden. The crocodile closely misses you.
It was a potion of magic.
Magic courses through your body. The crocodile closely misses you.
Okay, then.
You aren't carrying any items that you can evoke.
You hit the crocodile but do no damage.
The crocodile is severely wounded.
The crocodile completely misses you.
You hit the crocodile but do no damage.
The crocodile is severely wounded.
The crocodile misses you.
You barely miss the crocodile.
The crocodile is severely wounded.
The crocodile bites you!
You die...

######## ###.≈....###
###.≈........### #
###.≈..≈####≈...≈##.(#
#.≈...### ###≈.@t.#
..≈≈.## ##.≈≈...#
#.≈...# #..≈..###
###...≈≈# ....≈##.(
###....≈ ....### $!#
##....≈.## ## ######


You could see a crocodile.

Vanquished Creatures
  A gnoll (D:1)
  5 adders
  An ooze (D:1)
  6 worms
  3 dart slugs
  3 leopard geckos
  4 bats
  A giant cockroach (D:3)
  6 goblins
  6 hobgoblins
  8 jackals
  5 kobolds
  2 ball pythons (D:3)
  4 frilled lizards
  A rat (D:2)
56 creatures vanquished.

Notes
Turn   | Place    | Note
-------+----------+-------------------------------------------
     0 | D:1      | Aviak the Hill Orc Monk began the quest for the Orb.
     0 | D:1      | Reached XP level 1. HP: 19/19 MP: 1/1
    49 | D:1      | Reached XP level 2. HP: 20/27 MP: 2/2
   376 | D:1      | Reached XP level 3. HP: 14/33 MP: 3/3
   908 | D:2      | Found a hide-covered altar of Uskayaw.
   921 | D:2      | Became a worshipper of Uskayaw the Reveler
   921 | D:2      | Reached * piety under Uskayaw
  1073 | D:2      | Reached ** piety under Uskayaw
  1374 | D:2      | Reached XP level 4. HP: 22/40 MP: 4/4
  1597 | D:2      | Reached skill level 1 in Invocations
  1810 | D:2      | Found a shimmering altar of Xom.
  1865 | D:2      | Found a glowing golden altar of the Shining One.
  1881 | D:2      | Reached skill level 1 in Armour
  2302 | D:2      | Reached skill level 5 in Axes
  2470 | D:3      | Found a glowing drain.
  2478 | D:3      | Reached XP level 5. HP: 36/47 MP: 6/6
  2481 | D:3      | Reached *** piety under Uskayaw
  2487 | D:3      | Reached **** piety under Uskayaw
  2509 | Sewer    | Entered a sewer
  2904 | Sewer    | Noticed a crocodile
  2924 | Sewer    | Slain by a crocodile

Levels and vault maps discovered:
D:1:      lightli_arrival_boilingwater, layout_basic, hex_tiny,
          minmay_misc_feat_room
D:2:      layout_loops_ring, lemuel_crystal_altar, marbit_many_paths,
          lemuel_round_altar
D:3:      layout_loops_ring, cheibrodos_sewer_entry_sluice
Sewer:    sewer_the_crocodile

Skill      XL: |  1  2  3  4 |
---------------+-------------+-----
Fighting       | 4 |  4.5
Stealth        | 2 |  2.0
Invocations    | 1 |  1.9
Armour         | 1 |  1.4
Dodging        | 3 |  3.0
Axes           | 5 |  5.1

Action                   |  1- 3 |  4- 6 || total
-------------------------+-------+-------++-------
Melee: Hand axe          |   126 |   133 ||   259
Invok: Stomp             |       |     2 ||     2
  Use: Potion            |       |     4 ||     4
 Stab: Sleeping          |     2 |       ||     2
       Paralysed         |       |     3 ||     3
  Eat: Chunk             |     2 |     4 ||     6
Armor: Robe              |     9 |       ||     9
       Ring mail         |    27 |    37 ||    64
Dodge: Dodged            |    73 |    85 ||   158
